AoeStats
← 500分战神

Black Forest

505618142Analyzed
2v2 RM · 23d ago on Sep 10, 2026· 19m 40s· 4 players
Game mode
Random Map
Map size
Medium (4 player)
Population
200
Speed
Normal
Resources
Standard
Victory
Conquest
Starting age
Dark Age
Ending age
Imperial Age
RankedLock teamsTeams togetherTeam positionsShared explorationLock speedFull tech treeHidden civsTurbo modeCheats
Victory
Defeat
🇭🇷 Aztecs · Croatia
774
+17
🇩🇪 Vikings · Germany
734
+19
🇨🇳 Saracens · China
800
-18
🇨🇳 Maya · China
795
-18
knez17
0:59 Loom
13:07 Feudal Age
13:54 Town Watch
15:03 Double-Bit Axe
15:31 Gold Mining
20:20 Castle Age
Spironolacton
10:52 Loom
13:04 Feudal Age
17:19 Castle Age
15:32 Double-Bit Axe
16:22 Horse Collar
排第
9:28 Feudal Age
11:35 Horse Collar
13:54 Double-Bit Axe
19:59 Castle Age
500分战神
12:17 Feudal Age
13:55 Arson
13:33 Man-at-Arms
Connection lost

Rejoining the realm…

Still unreachable

The connection could not be restored.

Session expired

The server has moved on; the page needs a fresh start.